 Dungeon Crawl Stone Soup version 0.18.0-2-g198d6d4 (webtiles) character file.

3480 oplop the Nimble (level 10, -2/73 HPs)
             Began as a Merfolk Ice Elementalist on May 5, 2016.
             Was a Follower of Cheibriados.
             Slain by an orc warrior
             ... wielding a +0 flail
              (9 damage)
             ... on level 9 of the Dungeon.
             The game lasted 00:36:23 (9624 turns).

oplop the Nimble (Merfolk Ice Elementalist)         Turns: 9624, Time: 00:36:24

Health: -2/73      AC:  8    Str: 12    XL:     10   Next: 7%
Magic:  1/19       EV: 19    Int: 19    God:    Cheibriados [*.....]
Gold:   493        SH:  0    Dex: 19    Spells: 4 memorised, 9 levels left

rFire  . . .     SeeInvis .     J - +1 trident
rCold  . . .     Gourm    .     z - +3 leather armour {MR+}
rNeg   . . .     Faith    .     (no shield)
rPois  .         Spirit   .     i - +1 helmet
rElec  .         Dismiss  .     C - +1 cloak
rCorr  .         Reflect  .     (no gloves)
SustAt .         Harm     .     (no boots)
MR     +....     Rnd*Tele +     I - amulet of regeneration
Stlth  ++........               (no ring)
                                e - ring of teleportation

@: very slow, somewhat resistant to hostile enchantments, unstealthy
A: change form in water, swift swim, deformed body
a: Bend Time, Renounce Religion


You were on level 9 of the Dungeon.
You worshipped Cheibriados.
Cheibriados was aware of your devotion.
You were near starving.

You visited 2 branches of the dungeon, and saw 11 of its levels.

You collected 493 gold pieces.

Inventory:

Hand Weapons
 J - a +1 trident (weapon)
Armour
 i - a +1 helmet (worn)
 z - a +3 leather armour of magic resistance (worn)
 C - a +1 cloak (worn)
Magical Staves
 a - an uncursed staff of summoning
Rods
 t - a +0 iron rod (4/14)
   (You found it on level 6 of the Dungeon)
Jewellery
 e - a ring of teleportation (left hand)
 v - an uncursed amulet of faith
 I - an amulet of regeneration (around neck)
Wands
 f - a wand of iceblast (5/15)
 l - a wand of lightning (9/15)
Scrolls
 c - 6 scrolls of immolation
 j - a scroll of noise
 r - 9 scrolls of identify
 w - a scroll of magic mapping
 A - 2 scrolls of enchant weapon
 D - a scroll of enchant armour
Potions
 k - a potion of agility
 u - a potion of flight
Books
 b - a book of Frost

   Spells                             Type                      Level
   a - Freeze                         Ice                          1
   b - Throw Frost                    Conjuration/Ice              2
   c - Ozocubu's Armour               Charms/Ice                   3
   d - Throw Icicle                   Conjuration/Ice              4
   e - Summon Ice Beast               Ice/Summoning                4
 q - a book of Unlife

   Spells                             Type                      Level
   a - Recall                         Summoning/Translocation      3
   b - Animate Dead                   Necromancy                   4
   c - Control Undead                 Necromancy                   4
   d - Cigotuvi's Embrace             Necromancy                   5
   e - Death Channel                  Necromancy                   6
   f - Simulacrum                     Ice/Necromancy               6
 y - a book of Geomancy

   Spells                             Type                      Level
   a - Sandblast                      Earth                        1
   b - Passwall                       Transmutation/Earth          2
   c - Stone Arrow                    Conjuration/Earth            3
   d - Petrify                        Transmutation/Earth          4
   e - Lee's Rapid Deconstruction     Earth                        5
Comestibles
 d - 3 meat rations
 h - a bread ration


   Skills:
 + Level 4.4 Fighting
 + Level 2.3 Polearms
 - Level 9.4 Dodging
 - Level 2.1 Stealth
 - Level 6.3 Spellcasting
 - Level 0.7 Conjurations
 - Level 4.0 Summonings
 - Level 8.0 Ice Magic
 + Level 4.8 Invocations


You had 9 spell levels left.
You knew the following spells:

 Your Spells              Type           Power        Failure   Level  Hunger
a - Freeze                Ice            ####         1%          1    None
b - Ozocubu's Armour      Chrm/Ice       ###.....     10%         3    ##.....
c - Summon Ice Beast      Ice/Summ       ####....     12%         4    ####...
d - Throw Icicle          Conj/Ice       ###.....     28%         4    ####...


Dungeon Overview and Level Annotations

Branches:
Dungeon (10/15)            Temple (1/1) D:4             Orc (0/2) D:9
   Lair: D:8-11

Altars:
Cheibriados
Dithmenos
Elyvilon
Fedhas
Gozag
Kikubaaqudgha
Makhleb
Okawaru
Ru
Zin
The Shining One
Beogh

Annotations:
D:3 skk's ghost, amateur VSMo
D:9 Psyche


Innate Abilities, Weirdness & Mutations

You revert to your normal form in water.
You are very nimble and swift while swimming.
Armour fits poorly on your strangely shaped body.


Message History

Drink which item? (? for menu, Esc to quit)
Okay, then.
Read which item? (? for menu, Esc to quit)
Okay, then.
You hit the orc warrior but do no damage.
The orc wizard hits you with a dagger.
* * * LOW HITPOINT WARNING * * *
Your ice beast hits the orc warrior.
Your ice beast freezes the orc warrior!
The warg closely misses you. The orc warrior misses you.
The orc wizard casts a spell at you. The magic dart hits you!
* * * LOW HITPOINT WARNING * * *
Your ice beast hits the orc warrior but does no damage.
You closely miss the orc warrior.
The orc warrior is heavily wounded.
The warg misses you.
The orc wizard gestures at you while chanting.
The magic dart hits you! The warg completely misses you.
The orc warrior hits you with a flail!
You die... ## #...(##### #.# ####.#(## #.# .<.....# ######.### ###...## #......... ###...# #.######## .PPP..# # ### # PP....##.# ####>#### # P_PP.#...# ####.......#### PP.P..#### ###.)@h......)..### .
PPPP..#

##..Yo#o......#....## # ......#
##....###.....###....###
.#....#
#.....###.8.8.###..8..#. ###.##
##......#.......#......## ##.##
#..#.#..#..#'#..#..#[#..#
#..)###.##.##.#.##(##.#.##)##.#
#.....#§#...#.#. . .#.#..}#.#
#...#.#§#.(.#.# .#.#..(#.#


You could see a warg, an orc warrior, an orc wizard and a friendly ice beast.

Vanquished Creatures
  Maurice (D:9)
  A hippogriff (D:8)
  2 orc warriors
  A sky beast (D:10)
  A black bear (D:7)
  3 ogres
  5 centaurs
  3 giant frogs
  A scorpion (D:7)
  A howler monkey (D:8)
  5 crimson imps
  A centaur zombie (D:5)
  6 hounds
  5 orc wizards
  3 orc priests
  3 giant frog skeletons
  2 iguanas
  4 worker ants
  A hound zombie (D:8)
  2 hound skeletons
  Robin (D:4)
  A worker ant zombie (D:6)
  3 gnolls (D:6)
  10 adders
  A shadow imp (D:5)
  An adder zombie (D:7)
  2 worms
  6 dart slugs
  3 giant geckos
  13 orcs
  11 bats
  4 giant cockroaches
  10 hobgoblins
  4 jackals
  2 quokkas
  3 ball pythons
  5 giant newts
  18 goblins
  A jackal skeleton (D:6)
  8 kobolds
  10 rats
168 creatures vanquished.

Vanquished Creatures (collateral kills)
  A two-headed ogre (D:8)
  2 hippogriffs
  An orc warrior (D:9)
  An ice beast (D:8)
  A black bear (D:9)
  2 phantoms
  3 howler monkeys (D:8)
  A jelly (D:9)
  A wasp zombie (D:9)
  2 orc priests (D:9)
  A worker ant (D:10)
  5 orc wizards
  9 orcs
30 creatures vanquished.

Grand Total: 198 creatures vanquished

Notes
Turn   | Place    | Note
--------------------------------------------------------------
     0 | D:1      | oplop the Merfolk Ice Elementalist began the quest for the Orb.
     0 | D:1      | Reached XP level 1. HP: 13/13 MP: 3/3
   220 | D:1      | Reached skill level 3 in Dodging
   317 | D:1      | Reached XP level 2. HP: 18/19 MP: 0/5
   495 | D:1      | Upgraded the game from 0.18.0-1-g0107ab7 to 0.18.0-2-g198d6d4
   524 | D:1      | Reached XP level 3. HP: 24/24 MP: 3/6
   803 | D:2      | Reached skill level 4 in Dodging
  1075 | D:2      | Found a burning altar of Makhleb.
  1080 | D:2      | Found a glowing silver altar of Zin.
  1080 | D:2      | Noticed an angel
  1080 | D:2      | Noticed a cacodemon
  1146 | D:2      | Reached XP level 4. HP: 30/30 MP: 4/8
  1305 | D:2      | Found a white marble altar of Elyvilon.
  1321 | D:2      | Found a shadowy altar of Dithmenos.
  1359 | D:2      | You fall through a shaft for 2 floors!
  1364 | D:4      | Learned a level 3 spell: Ozocubu's Armour
  1368 | D:4      | Gained mutation: You occasionally shout uncontrollably at your foes. [potion of mutation]
  1368 | D:4      | Gained mutation: Your flesh is heat resistant. [potion of mutation]
  1368 | D:4      | Gained mutation: Armour fits poorly on your strangely shaped body. [potion of mutation]
  1369 | D:4      | Found a staircase to the Ecumenical Temple.
  1427 | D:4      | Reached skill level 5 in Dodging
  1427 | D:4      | Reached XP level 5. HP: 35/35 MP: 7/9
  1453 | Temple   | Entered the Ecumenical Temple
  1625 | D:4      | Noticed an ogre
  2436 | D:4      | Killed an ogre
  2436 | D:4      | Reached XP level 6. HP: 11/41 MP: 4/11
  3010 | D:3      | Noticed skk's ghost (amateur VSMo)
  3123 | D:4      | Noticed Robin
  3123 | D:4      | Reached skill level 5 in Ice Magic
  3129 | D:4      | Killed Robin
  3525 | D:4      | Learned a level 4 spell: Summon Ice Beast
  3624 | D:4      | Reached skill level 6 in Dodging
  3789 | D:3      | Reached XP level 7. HP: 33/46 MP: 9/13
  3809 | D:3      | Found a white marble altar of Elyvilon.
  3889 | D:3      | Found a glowing golden altar of the Shining One.
  3903 | D:3      | Reached skill level 1 in Summonings
  4109 | D:3      | Found an iron altar of Okawaru.
  4316 | D:5      | Entered Level 5 of the Dungeon
  4632 | D:5      | Found an opulent altar of Gozag.
  5022 | D:5      | Found a sacrificial altar of Ru.
  5612 | D:5      | Reached XP level 8. HP: 40/52 MP: 13/15
  5730 | D:6      | Reached skill level 7 in Dodging
  5920 | D:6      | Found a snail-covered altar of Cheibriados.
  6088 | D:6      | Found an ancient bone altar of Kikubaaqudgha.
  6385 | D:5      | Reached skill level 5 in Spellcasting
  6815 | D:7      | Found Nuzxiz's Distillery.
  6893 | D:7      | Reached skill level 8 in Dodging
  7145 | D:7      | Learned a level 4 spell: Throw Icicle
  7372 | D:6      | Became a worshipper of Cheibriados the Contemplative
  7429 | D:8      | Noticed a two-headed ogre
  7436 | D:8      | Killed a two-headed ogre
  7436 | D:8      | Reached skill level 1 in Fighting
  7436 | D:8      | Reached XP level 9. HP: 59/59 MP: 1/17
  7619 | D:8      | Reached skill level 1 in Invocations
  7700 | D:8      | Found a burning altar of Makhleb.
  7782 | D:8      | Reached * piety under Cheibriados
  8533 | D:9      | Noticed Maurice
  8556 | D:9      | Killed Maurice
  8556 | D:9      | Reached skill level 9 in Dodging
  8615 | D:9      | Found a blossoming altar of Fedhas.
  8707 | D:9      | Found a staircase to the Orcish Mines.
  8897 | D:9      | Noticed Psyche
  8999 | D:8      | Reached skill level 1 in Polearms
  9167 | D:10     | Entered Level 10 of the Dungeon
  9317 | D:10     | Reached XP level 10. HP: 49/71 MP: 0/19
  9332 | D:10     | Lost mutation: Your flesh is heat resistant. [potion of cure mutation]
  9332 | D:10     | Lost mutation: You occasionally shout uncontrollably at your foes. [potion of cure mutation]
  9560 | D:10     | Found a roughly hewn altar of Beogh.
  9624 | D:9      | Slain by an orc warrior

Skill      XL: |  1  2  3  4  5  6  7  8  9 10 |
---------------+-------------------------------+-----
Dodging        | 3 4 5 6 8 9 |  9.4
Ice Magic      | 4 5 6 7 8 |  8.0
Spellcasting   | 3 4 5 6 |  6.3
Summonings     | 2 4 |  4.0
Fighting       | 1 4 |  4.4
Invocations    | 4 |  4.8
Polearms       | 1 2 |  2.3
Stealth        | |  2.1
Conjurations   | |  0.7

Action                   |  1- 3 |  4- 6 |  7- 9 | 10-12 || total
-------------------------+-------+-------+-------+-------++-------
Melee: Unarmed           |    34 |    52 |       |       ||    86
       Dagger            |       |     9 |    38 |       ||    47
       Mace              |       |       |   150 |       ||   150
       Trident           |       |       |    53 |    45 ||    98
 Cast: Freeze            |    66 |    80 |   118 |     8 ||   272
       Ozocubu's Armour  |       |     3 |    16 |     2 ||    21
       Summon Ice Beast  |       |       |    26 |     6 ||    32
       Throw Icicle      |       |       |     4 |       ||     4
Evoke: Rod               |       |       |     2 |     2 ||     4
  Use: Scroll            |       |     4 |     8 |     3 ||    15
       Potion            |       |     2 |     7 |     4 ||    13
 Stab: Sleeping          |     3 |     3 |     7 |       ||    13
       Distracted        |       |       |     1 |     1 ||     2
       Invisible         |       |       |       |     1 ||     1
  Eat: Chunk             |     1 |     5 |     8 |     2 ||    16
       Bread ration      |       |     1 |     2 |       ||     3
       Beef jerky        |       |       |     3 |       ||     3
Armor: Robe              |    16 |    24 |   104 |     4 ||   148
       Leather armour    |       |       |       |    16 ||    16
Dodge: Dodged            |    62 |   131 |   408 |    88 ||   689
